PL
LOUISVILLE SLUGS @ LEXINGTON BC
09/15/2019
 
TOP OF THE 1ST
Louisville Slugs batting - Pitching for Lexington BC : RHP Juan Chávez
Pitching: RHP Juan Chávez
Batting: RHB Chi-ju Zhang 0-0: Called Strike
0-1: Foul Ball, location: 2F
0-2: Ground out 1-3 (Groundball, 15)
Batting: RHB Yoshio Matsuo 0-0: SINGLE (Groundball, 4)
Batting: RHB Jake Collins 0-0: Called Strike
0-1: Foul Ball, location: 2F
0-2: Ball
1-2: Strikes out swinging
Batting: RHB Taikan Miura 0-0: Ball
1-0: Ball
2-0: Called Strike
2-1: Called Strike
2-2: Fly out, F8 (Flyball, 8RXD)
Top of the 1st over - 0 run(s), 1 hit(s), 0 error(s), 1 left on base; Louisville 0 - Lexington 0
BOTTOM OF THE 1ST
Lexington BC batting - Pitching for Louisville Slugs : RHP George Frazier
Pitching: RHP George Frazier
Batting: LHB Mike Gardner 0-0: Called Strike
0-1: Foul Ball, location: 2F
0-2: Ball
1-2: Ball
2-2: Foul Ball, location: 2F
2-2: Strikes out looking
Batting: RHB Juan Cabrera 0-0: Foul Ball, location: 2F
0-1: Foul Ball, location: 2F
0-2: Ball
1-2: Ball
2-2: Ball
3-2: Fly out, F9 (Line Drive, 9M)
Batting: RHB Júlio Gruzmán 0-0: Ball
1-0: Ball
2-0: Swinging Strike
2-1: Foul Ball, location: 2F
2-2: Ball
3-2: Base on Balls
Batting: LHB Félix Pérez 0-0: Ball
1-0: Foul Ball, location: 2F
1-1: Foul Ball, location: 2F
1-2: Ball
2-2: Ground out 4-3 (Groundball, 4)
Bottom of the 1st over - 0 run(s), 0 hit(s), 0 error(s), 1 left on base; Louisville 0 - Lexington 0
TOP OF THE 2ND
Louisville Slugs batting - Pitching for Lexington BC : RHP Juan Chávez
Batting: RHB José Rodríguez 0-0: Ball
1-0: Ground out 6-3 (Groundball, 6)
Batting: LHB Miguel Chávez 0-0: Ball
1-0: Foul Ball, location: 2F
1-1: Foul Ball, location: 2F
1-2: Foul Ball, location: 2F
1-2: Fly out, F8 (Flyball, 8LM)
Batting: RHB Louis Henderson 0-0: Swinging Strike
0-1: Foul Ball, location: 2F
0-2: Foul Ball, location: 2F
0-2: Foul Ball, location: 2F
0-2: Strikes out swinging
Top of the 2nd over - 0 run(s), 0 hit(s), 0 error(s), 0 left on base; Louisville 0 - Lexington 0
BOTTOM OF THE 2ND
Lexington BC batting - Pitching for Louisville Slugs : RHP George Frazier
Batting: RHB Ed Hopkins 0-0: Fly out, F7 (Flyball, 78XD)
Batting: RHB Vicente Díaz 0-0: Called Strike
0-1: Foul Ball, location: 2F
0-2: Foul Ball, location: 2F
0-2: Ball
1-2: Strikes out looking
Batting: LHB Brad Elmore 0-0: Ball
1-0: Ground out 5-3 (Groundball, 5L)
Bottom of the 2nd over - 0 run(s), 0 hit(s), 0 error(s), 0 left on base; Louisville 0 - Lexington 0
TOP OF THE 3RD
Louisville Slugs batting - Pitching for Lexington BC : RHP Juan Chávez
Batting: RHB António Meléndez 0-0: Called Strike
0-1: Ball
1-1: Called Strike
1-2: Foul Ball, location: 2F
1-2: Ground out 6-3 (Groundball, 6)
Batting: RHB George Frazier 0-0: Called Strike
0-1: Foul Ball, location: 2F
0-2: Ball
1-2: Strikes out looking
Batting: RHB Chi-ju Zhang 0-0: Ball
1-0: Ground out 6-3 (Groundball, 6M)
Top of the 3rd over - 0 run(s), 0 hit(s), 0 error(s), 0 left on base; Louisville 0 - Lexington 0
BOTTOM OF THE 3RD
Lexington BC batting - Pitching for Louisville Slugs : RHP George Frazier
Batting: RHB Andre Dixon 0-0: Ground out 6-3 (Groundball, 6)
Batting: LHB Juan Chávez 0-0: Called Strike
0-1: Foul Ball, location: 2F
0-2: Ball
1-2: Ball
2-2: Ground out 4-3 (Groundball, 4)
Batting: LHB Mike Gardner 0-0: Foul Ball, location: 2F
0-1: Ground out 1-3 (Groundball, 15)
Bottom of the 3rd over - 0 run(s), 0 hit(s), 0 error(s), 0 left on base; Louisville 0 - Lexington 0
TOP OF THE 4TH
Louisville Slugs batting - Pitching for Lexington BC : RHP Juan Chávez
Batting: RHB Yoshio Matsuo 0-0: Fly out, F9 (Flyball, 9M)
Batting: RHB Jake Collins 0-0: Swinging Strike
0-1: Ground out U3 (Groundball, 3S)
Batting: RHB Taikan Miura 0-0: Called Strike
0-1: Called Strike
0-2: Ground out 3-1 (Groundball, 34)
Top of the 4th over - 0 run(s), 0 hit(s), 0 error(s), 0 left on base; Louisville 0 - Lexington 0
BOTTOM OF THE 4TH
Lexington BC batting - Pitching for Louisville Slugs : RHP George Frazier
Batting: RHB Juan Cabrera 0-0: Ball
1-0: Foul Ball, location: 2F
1-1: Ball
2-1: Ball
3-1: SINGLE (Groundball, 4M)
Batting: RHB Júlio Gruzmán 0-0: Called Strike
0-1: Called Strike
0-2: Ball
1-2: Strikes out swinging
Batting: LHB Félix Pérez 0-0: Ball
1-0: Ball
2-0: Called Strike
2-1: Ball
3-1: DOUBLE (Groundball, 3L)
Juan Cabrera to third
Batting: RHB Ed Hopkins 0-0: Foul Ball, location: 2F
0-1: Ball
1-1: Ball
2-1: SINGLE (Line Drive, 4MD)
Juan Cabrera scores
Félix Pérez to third
Batting: RHB Vicente Díaz 0-0: Foul Ball, location: 2F
0-1: Ball
1-1: Swinging Strike
1-2: Ball
2-2: Foul Ball, location: 2F
2-2: SINGLE (Groundball, 5L)
Félix Pérez scores
Ed Hopkins to second
Batting: LHB Brad Elmore 0-0: Ball
1-0: Ball
2-0: Called Strike
2-1: Foul Ball, location: 2F
2-2: Strikes out swinging
Batting: RHB Andre Dixon 0-0: Ball
1-0: Ball
2-0: Called Strike
2-1: Foul Ball, location: 2F
2-2: Strikes out swinging
Bottom of the 4th over - 2 run(s), 4 hit(s), 0 error(s), 2 left on base; Louisville 0 - Lexington 2
TOP OF THE 5TH
Louisville Slugs batting - Pitching for Lexington BC : RHP Juan Chávez
Batting: RHB José Rodríguez 0-0: Ball
1-0: Called Strike
1-1: Foul Ball, location: 2F
1-2: Ground out 4-3 (Groundball, 4M)
Batting: LHB Miguel Chávez 0-0: Ball
1-0: Called Strike
1-1: Swinging Strike
1-2: Reached on error, E3 (Groundball, 3S)
Batting: RHB Louis Henderson 0-0: Swinging Strike
0-1: Ball
1-1: Foul Ball, location: 2F
1-2: Ball
2-2: Strikes out looking
Batting: RHB António Meléndez 0-0: Called Strike
0-1: Fielders Choice at 2nd, U6 (Groundball, 6M)
Top of the 5th over - 0 run(s), 0 hit(s), 1 error(s), 1 left on base; Louisville 0 - Lexington 2
BOTTOM OF THE 5TH
Lexington BC batting - Pitching for Louisville Slugs : RHP George Frazier
Batting: LHB Juan Chávez 0-0: Ball
1-0: Ground out 4-3 (Groundball, 34)
Batting: LHB Mike Gardner 0-0: Ball
1-0: Called Strike
1-1: Swinging Strike
1-2: Ball
2-2: Ball
3-2: Foul Ball, location: 2F
3-2: Strikes out swinging
Batting: RHB Juan Cabrera 0-0: Ball
1-0: Fly out, F9 (Flyball, 89M)
Bottom of the 5th over - 0 run(s), 0 hit(s), 0 error(s), 0 left on base; Louisville 0 - Lexington 2
TOP OF THE 6TH
Louisville Slugs batting - Pitching for Lexington BC : RHP Juan Chávez
Batting: RHB George Frazier 0-0: Ball
1-0: DOUBLE (Flyball, 89M)
Batting: RHB Chi-ju Zhang 0-0: Foul Ball, location: 2F
0-1: SINGLE (Groundball, 4M) (infield hit)
George Frazier to third
Batting: RHB Yoshio Matsuo 0-0: Ball
1-0: Called Strike
1-1: Foul Ball, location: 2F
1-2: Strikes out swinging
Batting: RHB Jake Collins 0-0: Called Strike
0-1: Fly out, F9 (Flyball, 9S)
Batting: RHB Taikan Miura 0-0: Ball
1-0: Called Strike
1-1: Ball
2-1: Ball
3-1: Reached on error, E5 (Groundball, 56)
George Frazier scores
Chi-ju Zhang to second
Batting: RHB José Rodríguez 0-0: Foul Ball, location: 2F
0-1: Ball
1-1: Foul Ball, location: 2F
1-2: SINGLE (Line Drive, 89S)
Chi-ju Zhang to third
Taikan Miura to second
Batting: LHB Miguel Chávez 0-0: Ball
1-0: Called Strike
1-1: Ball
2-1: Ball
3-1: Called Strike
3-2: SINGLE (Groundball, 6D)
Chi-ju Zhang scores
Taikan Miura to third
José Rodríguez to second
Taikan Miura scores
José Rodríguez to third
Batting: RHB Louis Henderson 0-0: Ball
1-0: Ground out 6-3 (Groundball, 6)
Top of the 6th over - 3 run(s), 4 hit(s), 1 error(s), 2 left on base; Louisville 3 - Lexington 2
BOTTOM OF THE 6TH
Lexington BC batting - Pitching for Louisville Slugs : RHP George Frazier
Batting: RHB Júlio Gruzmán 0-0: Ground out 3-1 (Groundball, 23)
Batting: LHB Félix Pérez 0-0: Ball
1-0: Called Strike
1-1: Foul Ball, location: 2F
1-2: Strikes out looking
Batting: RHB Ed Hopkins 0-0: Foul Ball, location: 2F
0-1: Foul Ball, location: 2F
0-2: Ball
1-2: Ball
2-2: Strikes out swinging
Bottom of the 6th over - 0 run(s), 0 hit(s), 0 error(s), 0 left on base; Louisville 3 - Lexington 2
TOP OF THE 7TH
Louisville Slugs batting - Pitching for Lexington BC : RHP Juan Chávez
Batting: RHB António Meléndez 0-0: Foul Ball, location: 2F
0-1: Ball
1-1: Ground out 6-3 (Groundball, 6)
Pinch Hitting: LHB Horace Ritchie 0-0: Called Strike
0-1: Foul Ball, location: 2F
0-2: Strikes out swinging
Batting: RHB Chi-ju Zhang 0-0: Called Strike
0-1: Foul Ball, location: 2F
0-2: Ball
1-2: Ball
2-2: Ball
3-2: Ground out 5-3 (Groundball, 56)
Top of the 7th over - 0 run(s), 0 hit(s), 0 error(s), 0 left on base; Louisville 3 - Lexington 2
BOTTOM OF THE 7TH
Lexington BC batting - Pitching for Louisville Slugs : RHP George Frazier
Pitching: RHP Bill Prowse
Batting: RHB Vicente Díaz 0-0: Ball
1-0: Ball
2-0: Ball
3-0: Base on Balls
Batting: LHB Brad Elmore Pickoff Throw to First - Out!
0-0: Foul Ball, location: 2F
0-1: Ground out 5-3 (Groundball, 5)
Batting: RHB Andre Dixon 0-0: Foul Ball, location: 2F
0-1: Foul Ball, location: 2F
0-2: Foul Ball, location: 2F
0-2: Ball
1-2: Foul Ball, location: 2F
1-2: Ball
2-2: Strikes out looking
Bottom of the 7th over - 0 run(s), 0 hit(s), 0 error(s), 0 left on base; Louisville 3 - Lexington 2
TOP OF THE 8TH
Louisville Slugs batting - Pitching for Lexington BC : RHP Juan Chávez
Batting: RHB Yoshio Matsuo 0-0: Called Strike
0-1: Ball
1-1: Swinging Strike
1-2: Ball
2-2: Strikes out swinging
Batting: RHB Jake Collins 0-0: Ball
1-0: Ground out 4-3 (Groundball, 4M)
Batting: RHB Taikan Miura 0-0: Ball
1-0: Called Strike
1-1: Swinging Strike
1-2: Ball
2-2: Ball
3-2: Foul Ball, location: 2F
3-2: Strikes out looking
Top of the 8th over - 0 run(s), 0 hit(s), 0 error(s), 0 left on base; Louisville 3 - Lexington 2
BOTTOM OF THE 8TH
Lexington BC batting - Pitching for Louisville Slugs : RHP Bill Prowse
Pitching: LHP Mhelter Vitor
Now at C: Roberto Guerrero
Now at 2B: José Bocanegra
Now at 3B: José Moreno
Pinch Hitting: RHB Yoshiyuki Sasaki 0-0: Ball
1-0: SINGLE (Groundball, 56D)
Batting: LHB Mike Gardner 0-0: Grounds into double play, 4-6-3 (Groundball, 4)
Pitching: RHP Craig Moody
Batting: RHB Juan Cabrera 0-0: Fly out, F9 (Popup, 89S)
Bottom of the 8th over - 0 run(s), 1 hit(s), 0 error(s), 0 left on base; Louisville 3 - Lexington 2
TOP OF THE 9TH
Louisville Slugs batting - Pitching for Lexington BC : RHP Juan Chávez
Pitching: RHP Myron Snow
Batting: RHB José Rodríguez 0-0: Ball
1-0: Ball
2-0: Called Strike
2-1: Ball
3-1: Called Strike
3-2: Strikes out looking
Batting: LHB Miguel Chávez 0-0: Ball
1-0: Foul Ball, location: 2F
1-1: Called Strike
1-2: Strikes out swinging
Batting: RHB Louis Henderson 0-0: Foul Ball, location: 2F
0-1: Ball
1-1: Fly out, F9 (Flyball, 9LM)
Top of the 9th over - 0 run(s), 0 hit(s), 0 error(s), 0 left on base; Louisville 3 - Lexington 2
BOTTOM OF THE 9TH
Lexington BC batting - Pitching for Louisville Slugs : RHP Craig Moody
Pitching: RHP Enrique López
Batting: RHB Júlio Gruzmán 0-0: Called Strike
0-1: Foul Ball, location: 2F
0-2: Reached on error, E6 (Groundball, 6)
Batting: LHB Félix Pérez 0-0: Called Strike
0-1: Ball
1-1: Called Strike
1-2: Ball
2-2: Strikes out swinging
Batting: RHB Ed Hopkins 0-0: Called Strike
0-1: SINGLE (Groundball, 5)
Júlio Gruzmán to second
Batting: RHB Vicente Díaz 0-0: Ball
1-0: Ball
2-0: Swinging Strike
2-1: Swinging Strike
2-2: Strikes out swinging
Pinch Runner at 2nd Reece White:
Batting: LHB Brad Elmore 0-0: Foul Ball, location: 2F
0-1: Ground out 4-3 (Groundball, 34)
Bottom of the 9th over - 0 run(s), 1 hit(s), 1 error(s), 2 left on base; Louisville 3 - Lexington 2
This league is powered by Out of the Park Baseball, the baseball management simulation game for PC, Mac and Linux
Saturday, July 25th, 2015 - OOTP Baseball 15.6 Build 34